 Dungeon Crawl Stone Soup version 0.27-a0-901-g8736458e1e (webtiles) character file.

Game seed: 4949997895544234525

1321 DarkShadow the Cleaver (level 8, 0/68 HPs)
             Began as a Minotaur Fighter on Apr 6, 2021.
             Was an Initiate of Gozag.
             Slain by a wraith (10 damage)
             ... on level 5 of the Dungeon.
             The game lasted 00:12:58 (6362 turns).

DarkShadow the Cleaver (Minotaur Fighter)           Turns: 6362, Time: 00:12:59

Health: 0/68       AC:  7    Str: 21    XL:     8   Next: 33%
Magic:  7/7        EV:  9    Int:  7    God:    Gozag
Gold:   191        SH: 12    Dex: 12    Spells: 7/7 levels left

rFire    + . .     SeeInvis .   a - +3 war axe
rCold    + . .     Faith    .   c - +2 kite shield
rNeg     . . .     Spirit   .   b - +0 scale mail
rPois    .         Reflect  .   (helmet restricted)
rElec    .         Harm     .   (no cloak)
rCorr    .         Rampage  .   (no gloves)
Will     .....                  (no boots)
Stlth    ..........             (no amulet)
HPRegen  0.21/turn              g - ring of protection from cold
MPRegen  0.10/turn              (no ring)

@: slowed, very slow
A: horns 2, retaliatory headbutt, hooves 1, clever 1, fire resistance 1
a: Renounce Religion, Potion Petition, Call Merchant, Bribe Branch


You were on level 5 of the Dungeon.
You worshipped Gozag.
Gozag was aware of your devotion.
You visited 2 branches of the dungeon, and saw 8 of its levels.

You collected 307 gold pieces.
You paid 116 gold pieces to Gozag.

Inventory:

Hand Weapons
 a - a +3 war axe (weapon)
Armour
 b - a +0 scale mail (worn)
 c - a +2 kite shield (worn)
Jewellery
 g - a ring of protection from cold (left hand)
Wands
 n - a wand of flame (32)
Scrolls
 j - 2 scrolls of amnesia
 m - a scroll of blinking
 r - a scroll of fog
Potions
 d - a potion of might
 f - 2 potions of haste
 h - a potion of flight
 i - 2 potions of degeneration
 l - a potion of magic {unknown}
 o - a potion of lignification {unknown}
 p - a potion of curing {unknown}


   Skills:
 + Level 5.3 Fighting
 + Level 8.2 Axes
 + Level 6.7 Armour
 + Level 2.4 Dodging
 + Level 0.9 Stealth
 + Level 6.2 Shields


You had 7 spell levels left.
You didn't know any spells.
Your spell library contained the following spells:

 Spells                   Type           Power      Damage    Failure   Level
 Animate Skeleton         Necr           0%         N/A       98%         1
 Apportation              Tloc           0%         N/A       98%         1
 Corona                   Hex            0%         N/A       98%         1
 Magic Dart               Conj           0%         1d3       98%         1
 Summon Small Mammal      Summ           0%         N/A       98%         1
 Blink                    Tloc           N/A        N/A       99%         2
 Call Imp                 Summ           0%         N/A       99%         2
 Slow                     Hex            0%         N/A       99%         2
 Conjure Flame            Conj/Fire      0%         6-21      100%        3
 Mephitic Cloud           Conj/Pois/Air  0%         N/A       100%        3


Dungeon Overview and Level Annotations

Branches:
Dungeon (7/15)             Temple (1/1) D:6

Altars:
Cheibriados
Dithmenos
Elyvilon
Fedhas
Gozag
Hepliaklqana
Kikubaaqudgha
Nemelex Xobeh
Qazlal
Ru
Sif Muna
Trog
Uskayaw
Xom
Yredelemnul
Zin
The Shining One

Shops:
D:2 :   D:3 *


Innate Abilities, Weirdness & Mutations

You have a pair of horns on your head.
You reflexively headbutt those who attack you in melee.
You have large cloven feet.
Your mind is acute. (Int +2)
Your flesh is heat resistant. (rF+)


Message History

The shadow is lightly damaged.
You hit the wraith but do no damage. The wraith barely misses you.
The shadow slips into darkness.
The shadow flickers and vanishes!
Deactivating autopickup; reactivate with Ctrl-A.
You barely miss something. You kick something. You slash the wraith!
The wraith hits you! The wraith drains your vigour!
You feel yourself slow down.
The shadow strikes at you from the darkness!
Reactivating autopickup.
You slash the shadow! Your kick misses the shadow.
The shadow is heavily damaged.
You hit the wraith. The wraith hits you! The wraith drains your vigour!
You feel as though you will be slow longer.
The shadow hits you.
The shadow slips into darkness.
The shadow flickers and vanishes!
Deactivating autopickup; reactivate with Ctrl-A.
You block the wraith's attack.
You feel much better. The wraith hits you but does no damage.
The shadow strikes at you from the darkness!
Reactivating autopickup.
You closely miss the shadow. Your kick misses the shadow.
The shadow is heavily damaged.
You closely miss the wraith. The wraith hits you.
The wraith drains your vigour!
You feel as though you will be slow longer.
You block the shadow's attack. The wraith closely misses you.
You furiously retaliate!
You headbutt the wraith!
The shadow slips into darkness.
The shadow flickers and vanishes!
Deactivating autopickup; reactivate with Ctrl-A.
You hit something. You headbutt something. You hit the wraith.
You block the wraith's attack.
The shadow strikes at you from the darkness!
* * * LOW HITPOINT WARNING * * *
Reactivating autopickup.
The shadow hits you. The wraith hits you!
You die...
Your body crumbles into a pile of gold.

#. #.#.#.# # # #.#.#.#######
#.#<#........ #.#.#########
################## #.#.### ##...
.#.....#.....#$[(# #.#...###..#.
.#.....#.....#.).# #.........###
.#..#..#..#..#/WW# #####.###..#.
.#..#..#..#..###@# #........
..(.#.....#......########..(.....
....#.....#......#........####.##
##################.####.### #..#
...................# #.######>.#
.............(.....# #..........
##################.# #...)######
....#.....# #.# #.#...##...
....#.....# #.# #.#.⌠....≈_


You could see a wraith and a shadow.

Vanquished Creatures
  A water moccasin (D:5)
  2 necrophages
  2 ogres
  2 centaurs
  A scorpion (D:5)
  A bullfrog zombie (D:5)
  6 hounds
  A centaur skeleton (D:7)
  2 orc priests
  A bullfrog skeleton (D:6)
  3 iguanas
  An orc wizard (D:2)
  2 killer bee zombies
  A hound skeleton (D:4)
  A howler monkey zombie (D:4)
  6 adders
  A shadow imp (D:6)
  3 worms
  A dart slug (D:3)
  9 orcs
  4 bats
  9 endoplasms
  5 giant cockroaches
  6 hobgoblins
  6 jackals (D:1)
  5 kobolds
  2 quokkas
  8 ball pythons
  3 frilled lizards
  7 goblins
  6 rats
108 creatures vanquished.

Notes
Turn   | Place    | Note
-------+----------+-------------------------------------------
     0 | D:1      | DarkShadow the Minotaur Fighter began the quest for the
                  | Orb.
     0 | D:1      | Reached XP level 1. HP: 19/19 MP: 0/0
   312 | D:1      | Reached XP level 2. HP: 16/27 MP: 1/1
   462 | D:1      | Reached skill level 3 in Axes
  1036 | D:1      | Reached XP level 3. HP: 27/33 MP: 2/2
  1529 | D:2      | Found Toxaot's Book Shoppe.
  1728 | D:2      | Reached skill level 4 in Axes
  1728 | D:2      | Reached XP level 4. HP: 15/40 MP: 3/3
  2584 | D:3      | Found a sacrificial altar of Ru.
  3047 | D:3      | Reached skill level 1 in Dodging
  3047 | D:3      | Reached XP level 5. HP: 43/46 MP: 4/4
  3229 | D:3      | Found Dat Wipe's Assorted Antiques.
  3516 | D:4      | Noticed a necrophage
  3521 | D:4      | Killed a necrophage
  3522 | D:4      | Reached skill level 5 in Axes
  3522 | D:4      | Reached XP level 6. HP: 51/52 MP: 5/5
  3556 | D:4      | Found a sparkling altar of Nemelex Xobeh.
  3606 | D:4      | Reached skill level 5 in Armour
  3620 | D:4      | Found a sand-covered staircase.
  4044 | D:4      | Found a shadowy altar of Dithmenos.
  4294 | D:4      | Reached skill level 6 in Axes
  4608 | D:5      | Entered Level 5 of the Dungeon
  4641 | D:5      | Reached skill level 5 in Shields
  4707 | D:5      | Reached XP level 7. HP: 59/60 MP: 6/6
  4717 | D:5      | Found a glowing golden altar of the Shining One.
  4792 | D:5      | You fall into a shaft and drop 2 floors!
  5247 | D:6      | Reached skill level 5 in Fighting
  5247 | D:6      | Reached skill level 7 in Axes
  5387 | D:6      | Found a basalt altar of Yredelemnul.
  5387 | D:6      | Found a blossoming altar of Fedhas.
  5556 | D:6      | Found a staircase to the Ecumenical Temple.
  5562 | Temple   | Entered the Ecumenical Temple
  5616 | Temple   | Became a worshipper of Gozag Ym Sagoz the Greedy
  5813 | D:5      | Found an ancient bone altar of Kikubaaqudgha.
  5827 | D:5      | Reached XP level 8. HP: 52/68 MP: 7/7
  6277 | D:5      | Gained mutation: Your flesh is heat resistant. (rF+)
                  | [potion of mutation]
  6277 | D:5      | Gained mutation: Your mind is acute. (Int +2) [potion of
                  | mutation]
  6277 | D:5      | Gained mutation: You have large cloven feet. [potion of
                  | mutation]
  6302 | D:5      | Reached skill level 8 in Axes
  6362 | D:5      | Slain by a wraith

Illustrated notes

Levels and vault maps discovered:
D:1:      nzn_arrival_crosshair, layout_basic, serial_glass, glass_columns_b,
          glass_columns_a, glass_columns_b, glass_columns_a, glass_columns_a,
          glass_columns_a
D:2:      layout_rooms, serial_shops, shop
D:3:      layout_loops_ring, lemuel_doored_altar, serial_shops, shop
D:4:      layout_basic, nicolae_dithmenos_shadow_blocks, lemuel_crystal_altar,
          enter_ossuary_1
D:5:      kennysheep_windowed_halls, layout_loops_ring,
          lemuel_coloured_pillars_altar, kiku_gazebo_pond_becter,
          old_standard_altar, corexii_checkpoint_b, minmay_shop_grid_forest
D:6:      layout_cave_pools, vehumet_statue, gammafunk_temple_overflow_wave,
          minmay_temple_entry_fiery
D:7:      layout_rooms, lightli_temple_of_fire, gammafunk_ghost_gnarly_gnolls
Temple:   zaba_magenta_temple

Skill      XL: |  1  2  3  4  5  6  7  8 |
---------------+-------------------------+-----
Axes           | 3 4 5 6 7 8 |  8.2
Shields        | 4 5 6 |  6.2
Armour         | 4 5 6 |  6.7
Fighting       | 4 5 |  5.3
Dodging        | 1 2 |  2.4
Stealth        | |  0.9

Action                   |  1- 3 |  4- 6 |  7- 9 || total
-------------------------+-------+-------+-------++-------
Melee: War axe           |    90 |   128 |    73 ||   291
       Headbutt          |    11 |    21 |    16 ||    48
       Kick              |       |       |     8 ||     8
  Use: Scroll            |     2 |     9 |     6 ||    17
       Potion            |       |     1 |     2 ||     3
Armor: Scale mail        |    46 |    46 |    31 ||   123
Dodge: Dodged            |    44 |    38 |    37 ||   119
Block: Kite shield       |    74 |    59 |    70 ||   203

Table legend: (Time is in decaauts)
 A = Elapsed time spent in this place.
 B = Non-inter-level travel time spent in this place.
 C = Inter-level travel time spent in this place.
 D = Time resting spent in this place.
 E = Time spent auto-exploring this place.
 F = Levels seen in this place.
 G = Mean time per level.
                   A        B        C        D        E       F      G
               +--------+--------+--------+--------+--------+-----+--------+
         Total |   6498 |   6498 |      0 |   1746 |   2842 |   8 |  812.2 |
       Dungeon |   6419 |   6419 |      0 |   1746 |   2835 |   7 |  917.0 |
        Temple |     78 |     78 |      0 |      0 |      7 |   1 |   78.0 |
               +--------+--------+--------+--------+--------+-----+--------+

Top non-repeatable levels by time:
     D:1: 1449 daAuts
     D:4: 1159 daAuts
     D:2: 1159 daAuts
     D:3: 945 daAuts
     D:5: 853 daAuts
     D:6: 564 daAuts
     D:7: 287 daAuts
  Temple: 78 daAuts
